Map: Lost and Found LE

Players

Cham - Winner!

  • Race: Zerg Zerg
  • Spawn Location: 7:00

Wilo

  • Race: Zerg Zerg
  • Spawn Location: 1:00

Event: WCS Montreal 2018

VOD

Have the link to the VOD?

Description

Time

  • Played on: Sept. 7, 2018, 4:30 p.m.
  • Length: 9:43

All games in this series

Show
View Real Time Build Order
Export as new Build Order

Cham Zerg - Winner!

Build Orders: Hatch First, Lurkers 

Get SALT Encoding   

  12  0:00  Drone  
  13  0:08  Drone  
  14  0:17  Overlord  
  14  0:36  Drone x2  
  16  0:48  Hatchery  
  15  0:51  Drone  
  15  0:55  Drone  
  17  1:06  Extractor  
  16  1:14  Spawning Pool, Drone  
  16  1:17  Drone  
  17  1:20  Drone  
  18  1:38  Drone  
  19  1:59  Overlord  
  19  2:00  Queen  
  21  2:01  Queen  
  21  2:03  Zergling x6  
  26  2:08  Metabolic Boost  
  26  2:13  Drone  
  26  2:15  Drone  
  28  2:21  Drone  
  29  2:25  Drone  
  30  2:40  Hatchery  
  29  2:45  Baneling Nest  
  29  2:46  Drone  
  29  2:49  Drone  
  30  2:53  Zergling x2  
  31  2:59  Zergling x2  
  31  3:01  Overlord  
  32  3:07  Zergling x2  
  32  3:10  Drone x3  
  35  3:22  Drone x4  
  38  3:28  Zergling x2  
  38  3:30  Baneling x3  
  38  3:31  Drone  
  39  3:39  Zergling x4  
  41  3:43  Drone x2  
  43  3:51  Drone  
  43  3:53  Drone, Queen  
  46  3:59  Baneling, Zergling x4  
  46  4:01  Drone x2  
  48  4:04  Drone  
  48  4:05  Overlord  
  48  4:10  Drone  
  48  4:13  Overlord  
  49  4:21  Overlord  
  49  4:25  Lair, Drone  
  49  4:26  Drone x3  
  49  4:29  Drone  
  54  4:31  Overlord  
  54  4:37  Drone  
  55  4:39  Overlord  
  55  4:42  Overlord, Drone x2  
  55  4:45  Baneling  
  57  4:46  Baneling x2  
  57  4:50  Extractor, Roach Warren  
  57  4:52  Overlord, Extractor  
  55  4:53  Extractor, Drone x2  
  55  4:56  Overlord  
  55  5:01  Zergling x2  
  55  5:02  Drone x2, Zergling x2  
  55  5:04  Drone  
  55  5:05  Drone  
  61  5:08  Drone  
  61  5:10  Drone x2  
  61  5:11  Drone  
  64  5:14  Drone  
  64  5:15  Baneling x2  
  64  5:16  Overlord  
  64  5:18  Drone x2  
  66  5:27  Drone  
  66  5:28  Overlord, Drone  
  67  5:30  Drone  
  67  5:31  Overlord, Drone  
  69  5:35  Hydralisk Den, Evolution Chamber  
  69  5:37  Drone  
  69  5:38  Drone x3  
  69  5:39  Drone  
  70  5:43  Drone  
  70  5:45  Drone  
  70  5:46  Extractor  
  70  5:47  Extractor  
  70  5:48  Glial Reconstitution  
  70  5:51  Drone  
  70  5:53  Drone  
  72  5:59  Drone  
  72  6:00  Drone, Roach  
  72  6:04  Roach  
  78  6:05  Overlord  
  78  6:06  Hatchery, Roach  
  78  6:10  Drone  
  80  6:12  Lurker Den, Roach  
  80  6:16  Roach  
  80  6:17  Roach  
  80  6:18  Unknown, Roach  
  86  6:20  Overlord  
  86  6:23  Roach  
  88  6:26  Zerg Missile Weapons Level 1  
  88  6:27  Roach  
  88  6:29  Roach  
  92  6:33  Overlord, Pneumatized Carapace  
  92  6:35  Hydralisk  
  92  6:37  Hydralisk  
  96  6:40  Hydralisk  
  96  6:41  Hydralisk  
  96  6:44  Hydralisk  
  96  6:46  Roach  
  104  6:49  Roach x2  
  104  6:51  Hydralisk  
  110  6:55  Hydralisk  
  110  6:57  Roach x2  
  110  6:59  Roach  
  110  7:00  Roach  
  120  7:01  Roach  
  120  7:03  Roach  
  120  7:05  Drone  
  120  7:07  Overlord  
  125  7:10  Roach x2  
  125  7:12  Roach  
  125  7:13  Roach  
  125  7:15  Overlord  
  133  7:18  Overlord  
  133  7:19  Roach  
  135  7:26  Roach x4  
  142  7:32  Overlord  
  142  7:35  Roach x3  
  148  7:39  Roach x2  
  148  7:41  Roach  
  144  7:46  Roach x2  
  144  7:47  Lurker x2  
  144  7:48  Lurker  
  144  7:49  Drone x4  
  149  7:51  Overlord  
  149  7:53  Drone, Lurker  
  149  7:54  Drone  
  149  7:57  Roach x2  
  156  7:59  Roach  
  156  8:02  Lurker  
  156  8:03  Roach x2  
  156  8:05  Roach  
  165  8:07  Roach  
  165  8:10  Overlord  
  165  8:11  Extractor, Overseer  
  166  8:13  Roach  
  166  8:15  Roach  
  170  8:20  Roach  
  170  8:21  Roach x2  
  170  8:25  Lurker  
  170  8:26  Overlord  
  177  8:30  Roach  
  177  8:31  Roach  
  181  8:35  Roach x3  
  181  8:36  Roach  
  181  8:38  Roach  
  187  8:41  Roach  
  187  8:44  Roach x2  
  187  8:46  Roach x3  
  197  8:50  Roach x2  
  197  8:53  Roach x3  
  199  9:05  Overseer x2  
  199  9:07  Spine Crawler  
  199  9:08  Spine Crawler  
  199  9:09  Spine Crawler  
  196  9:14  Overlord, Roach x2  
  197  9:19  Roach  
  199  9:30  Extractor  
Show
View Real Time Build Order
Export as new Build Order

Wilo Zerg 

Build Orders: Hatch First 

Get SALT Encoding   

  12  0:00  Drone  
  13  0:13  Overlord  
  13  0:16  Drone  
  14  0:33  Drone x2  
  16  0:36  Drone  
  17  0:53  Hatchery  
  17  0:55  Drone  
  17  0:57  Drone  
  17  1:03  Extractor  
  17  1:13  Spawning Pool  
  17  1:16  Drone  
  17  1:19  Drone  
  18  1:29  Drone  
  19  1:39  Overlord  
  19  1:52  Drone  
  20  2:01  Queen  
  20  2:02  Zergling x2  
  20  2:03  Metabolic Boost  
  20  2:04  Queen  
  20  2:06  Drone  
  26  2:12  Drone  
  27  2:19  Drone  
  28  2:25  Drone  
  29  2:34  Zergling x2  
  29  2:36  Zergling x2  
  31  2:43  Hatchery  
  31  2:44  Zergling x2  
  31  2:45  Queen  
  31  2:50  Overlord  
  33  2:59  Baneling Nest  
  31  3:07  Zergling x8  
  34  3:16  Zergling x2  
  34  3:17  Zergling x4  
  37  3:23  Drone x3  
  37  3:24  Drone  
  41  3:32  Overlord  
  41  3:33  Drone  
  42  3:36  Drone  
  43  3:48  Baneling x2, Evolution Chamber  
  42  3:49  Drone  
  42  3:53  Drone  
  42  3:54  Drone x3  
  41  4:03  Extractor  
  41  4:04  Drone x5  
  41  4:07  Drone x2  
  47  4:19  Baneling x2  
  47  4:23  Roach Warren  
  46  4:24  Drone x3  
  46  4:27  Extractor  
  46  4:30  Overlord  
  48  4:31  Drone x2  
  48  4:32  Drone x2  
  48  4:34  Drone x2  
  48  4:36  Drone  
  48  4:37  Drone  
  56  4:43  Drone x2  
  57  4:46  Zerg Missile Weapons Level 1  
  57  4:49  Overlord  
  57  4:59  Lair  
  57  5:01  Drone x6  
  63  5:07  Overlord  
  63  5:08  Overlord  
  62  5:17  Baneling x2  
  62  5:18  Zergling x2  
  62  5:24  Drone x8  
  62  5:26  Extractor  
  69  5:31  Drone  
  69  5:33  Extractor  
  64  5:46  Drone  
  65  5:51  Drone x4  
  65  5:52  Roach x5  
  65  5:55  Overlord x2  
  79  5:59  Glial Reconstitution  
  79  6:01  Overseer  
  79  6:03  Roach x2  
  79  6:04  Roach  
  85  6:06  Hatchery  
  84  6:14  Roach x4  
  92  6:22  Overlord x2  
  92  6:23  Drone  
  92  6:24  Drone, Roach x3  
  92  6:25  Roach  
  102  6:28  Queen  
  102  6:32  Roach  
  106  6:33  Baneling  
  106  6:34  Baneling  
  106  6:39  Overlord  
  106  6:42  Roach x5  
  106  6:45  Extractor  
  115  6:51  Burrow  
  115  6:54  Roach x2  
  115  6:55  Roach  
  120  7:03  Roach x4  
  120  7:04  Roach  
  120  7:08  Overlord x2  
  130  7:09  Zerg Missile Weapons Level 2  
  130  7:18  Overseer, Tunneling Claws  
  128  7:28  Roach  
  128  7:29  Roach x6  
  136  7:31  Pneumatized Carapace  
  128  7:39  Roach x2  
  128  7:40  Roach x3  
  124  7:46  Roach x3  
  124  7:47  Roach  
  124  7:59  Drone  
  124  8:00  Drone x5  
  124  8:04  Ravager x2  
  124  8:05  Ravager x2  
  134  8:06  Drone x2  
  134  8:07  Drone  
  134  8:11  Roach x3  
  134  8:12  Overlord  
  143  8:15  Overlord  
  143  8:20  Ravager  
  143  8:22  Extractor  
  143  8:26  Extractor  
  142  8:32  Roach  
  142  8:33  Roach x4  
  131  8:51  Roach x6  
  110  9:00  Ravager  
  110  9:01  Ravager x4  
  113  9:03  Roach  
  113  9:04  Roach  
  113  9:07  Roach  
  113  9:08  Roach x2  
  113  9:09  Roach x2  
  115  9:11  Overseer  
  115  9:12  Roach  
  115  9:17  Roach x5  
Tags
 
Add a new tag
Caveats
  • Supply blocks, unpowered buildings, or Contaminate may cause inaccurate times.
  • Supply counts are checked every 10 seconds.